Workbook

Sheet CE
D1: Conto economico come da piano dei conti regionale | E1: Esercizio 2015
D2: Riserve di capitale
D3: Riserve di capitale
D4: Riserve di utili
D5: Riserve di utili
D6: Altre riserve
D7: Altre riserve
D8: Utili (perdite) portati a nuovo
D9: Utili esercizi precedenti
D10: (Perdite esercizi precedenti)
D11: Utile (Perdita) dell’esercizio
D12: Utile d’esercizio
D13: (Perdita d’esercizio)
... D97: Bilancio di chiusura
A98: A | D98: VALORE DELLA PRODUZIONE
D99: Valore della produzione attività caratteristica | E99: =SUBTOTAL(9,E100:E132) -> 2488035.2 | F99: =SUBTOTAL(9,F100:F132) -> 0
B100: 1 | D100: Ricavi delle vendite e delle prestazioni | E100: =SUBTOTAL(9,E101:E109) -> 2411035.2 | F100: =SUBTOTAL(9,F101:F109) -> 0
D101: Ricavi per rette ospiti | E101: =93075+1033434+197726.25 -> 1324235.2
D102: Quote regionali di residenzialità | E102: 1085000
D103: Ricavi per centro diurno | E103: 0
D104: Ricavi per assistenza riabilitativa | E104: 0
D105: Ricavi per prestazioni di assistenza domiciliare da Comune | E105: 0
D106: Ricavi per prestazioni di assistenza domiciliare da privati | E106: 0
D107: Altri ricavi delle prestazioni di carattere assistenziale e sanitario | E107: 1800
D108: Rettifiche di ricavi per prestazioni | E108: 0
D109: Sconti e abbuoni | E109: 0
B110: 2 | D110: Incremento delle immobilizzazioni per lavori interni | E110: =SUBTOTAL(9,E111:E111) -> 0 | F110: =SUBTOTAL(9,F111:F111) -> 0
D111: Incremento delle immobilizzazioni per lavori interni | E111: 0
B112: 3 | D112: Contributi in conto esercizio | E112: =SUBTOTAL(9,E113:E113) -> 0 | F112: =SUBTOTAL(9,F113:F113) -> 0
D113: Contributi c/esercizio stato | E113: 0
D114: Contributi c/esercizio regione | E114: 0
D115: Contributi c/esercizio altri enti pubblici | E115: 0
B116: 4 | D116: Contributi in conto capitale | E116: =SUBTOTAL(9,E117:E120) -> 3000 | F116: =SUBTOTAL(9,F117:F120) -> 0
D117: Contributi c/capitale | E117: 0
D118: Contributi c/impianti (quota annua) | E118: 0
D119: Contributi da enti pubblici | E119: 0
D120: Contributi da privati | E120: 3000
B121: 5 | D121: Altri ricavi e proventi | E121: =SUBTOTAL(9,E122:E132) -> 74000 | F121: =SUBTOTAL(9,F122:F132) -> 0
D122: Ricavi mensa interni
D123: Proventi pasti familiari
D124: Proventi fabbricati strumentali
D125: Altri ricavi e proventi | E125: 15000
D126: Recuperi per sinistri e risarcimenti assicurativi
D127: Recupero oneri personale distaccato presso terzi | E127: 15000
D128: Rimborso ULSS per convenzioni varie | E128: 44000
D129: Rimborsi spese vari
D130: Omaggi da fornitori
D131: Plusvalenze ordinarie da alienazione beni
D132: Sopravvenienze attive ordinarie
D133: Valore della produzione non caratteristica | E133: =SUBTOTAL(9,E134:E136) -> 0 | F133: =SUBTOTAL(9,F134:F136) -> 0
B134: 5 | D134: Ricavi e proventi beni non strumentali | E134: =SUBTOTAL(9,E135:E136) -> 0 | F134: =SUBTOTAL(9,F135:F136) -> 0
D135: Affitti fondi rustici
D136: Affitti fabbricati non strumentali
D137: TOTALE VALORE DELLA PRODUZIONE | E137: =SUBTOTAL(9,E99:E136) -> 2488035.2 | F137: =SUBTOTAL(9,F99:F136) -> 0
A138: B | D138: COSTI DELLA PRODUZIONE
D139: Costi della produzione attività caratteristica | E139: =SUBTOTAL(9,E140:E298) -> 2488035.2 | F139: =SUBTOTAL(9,F140:F298) -> 0
B140: 6 | D140: Per materie prime, sussidiarie, di consumo e di merci | E140: =SUBTOTAL(9,E141:E153) -> 168000 | F140: =SUBTOTAL(9,F141:F153) -> 0
D141: Alimentari c/acquisti | E141: 90000
D142: Materiali di consumo c/acquisti | E142: 1000
D143: Materiale di pulizia c/acquisti
D144: Cancelleria | E144: 6000
D145: Materiale sanitario c/acquisti | E145: 55000
D146: Materiali di manutenzione c/acquisti | E146: 10000
D147: Dotazioni mensa | E147: 1000
D148: Dotazioni posti letto | E148: 1000
D149: Indumenti da lavoro | E149: 1000
D150: Carburanti e lubrificanti | E150: 3000
D151: Spese accessorie su acquisti
D152: Trasporti su acquisti
D153: (Rettifiche sui costi, resi, sconti, abbuoni, premi)
B154: 7 | D154: Per servizi | E154: =SUBTOTAL(9,E155:E207) -> 845959.7 | F154: =SUBTOTAL(9,F155:F206) -> 0
D155: Servizi assistenziali | E155: 300000
D156: Servizi di pulizia e sanificazione | E156: 1500
D157: Servizi mensa esterna
D158: Servizio di derattizzazione e disinfestazione | E158: 500
D159: Servizi di lavanderia
D160: Servizi sanitari | E160: 35000
D161: Spese per attività ricreativa | E161: 3500
D162: Spese per soggiorni climatici
D163: Servizi religiosi
D164: Servizi funerari
D165: Altri servizi appaltati | E165: 250000
D166: Spese per trasporti anziani
D167: Servizi di vigilanza
D168: Servizi amministrativi | E168: 100
D169: Spese medico competente
D170: Spese per consulenze fiscali e amministrative | E170: 5800
D171: Spese per consulenze 81/08 | E171: 6000
D172: Spese legali e notarili
D173: Consulenze tecniche | E173: 9490
D174: Spese per analisi, prove e laboratorio
D175: Servizio smaltimento rifiuti speciali | E175: 4000
D176: Spese per pubblicazioni gare e appalti | E176: 1000
D177: Spese viaggi e trasferte | E177: 1000
D178: Spese di rappresentanza | E178: 1000
D179: Spese per fornitura energia elettrica | E179: 40000
D180: Spese telefoniche | E180: 7000
D181: Gas e riscaldamento | E181: 35000
D182: Fornitura acqua | E182: 15000
D183: Spese postali e di affrancatura | E183: 1500
...

Sheet Prospetto art.8 DL 66.2014
A1: Prospetto di cui all'art. 8, comma 1, DL 66/2014 (enti in contabilità economica) | B1: Anno 2015 | C1: Anno 2015
B2: Parziali | C2: Totali
A3: A) - VALORE DELLA PRODUZIONE
A4: 1) Ricavi e proventi per l'attività istituzionale | C4: =B5+B6+B11+B16+B17+B18 -> 2414035.2
A5: a) contributo ordinario dello Stato
A6: b) corrispettivi da contratto di servizio | B6: =SUM(B7:B10) -> 1085000
A7: b.1) con lo Stato
A8: b.2) con le Regioni | B8: =CE!E102 -> 1085000
A9: b.3) con altri enti pubblici | B9: =CE!E105 -> 0
A10: b.4) con l'Unione Europea
A11: c) contributi in conto esercizio | B11: =SUM(B12:B15) -> 0
A12: c.1) contributi dallo Stato | B12: =CE!E113 -> 0
A13: c.2) contributi da Regioni | B13: =CE!E114 -> 0
A14: c.3) contributi da altri enti pubblici | B14: =CE!E115 -> 0
A15: c.4) contributi dall'Unione Europea
A16: d) contributi da privati | B16: =CE!E120 -> 3000
A17: e) proventi fiscali e parafiscali
A18: f) ricavi per cessioni di prodotti e prestazioni di servizi | B18: =CE!E101+CE!E103+CE!E104+CE!E106+CE!E107+CE!E108+CE!E109 -> 1326035.2
A19: 2) variazione delle rimanenze dei prodotti in corso di lavorazione, semilavorati e finiti
A20: 3) variazioni dei lavori in corso su ordinazione
A21: 4) incremento di immobili per lavori interni | C21: =CE!E110 -> 0
A22: 5) altri ricavi e proventi | C22: =SUM(B23:B24) -> 74000
A23: a) quota contributi in conto capitale imputata all'esercizio | B23: =CE!E118 -> 0
A24: b) altri ricavi e proventi | B24: =CE!E117+CE!E119+CE!E121+CE!E134 -> 74000
A25: Totale valore della produzione (A) | C25: =SUM(C4:C24) -> 2488035.2
A26: B) COSTI DELLA PRODUZIONE
A27: 6) per materie prime, sussidiarie, di consumo e di merci | C27: =CE!E140+CE!E300 -> 168000
A28: 7) per servizi | C28: =SUM(B29:B32) -> 845959.7
A29: a) erogazione di servizi istituzionali | B29: =CE!E155+CE!E156+CE!E157+CE!E158+CE!E159+CE!E160+CE!E161+CE!E162+CE!E163+CE!E164+CE!E165+CE!E166 -> 590500
A30: b) acquisizione di servizi | B30: =CE!E167+CE!E168+CE!E174+CE!E175+CE!E176+CE!E177+CE!E178+CE!E179+CE!E180+CE!E181+CE!E182+CE!E183+CE!E184+CE!E185+CE!E186+CE!E187+CE!E188+CE!E189+CE!E200+CE!E201+CE!E202+CE!E203+CE!E204+CE!E205+CE!E206+CE!E303 -> 207499.7
A31: c) consulenze, collaborazioni, altre prestazioni lavoro | B31: =CE!E169+CE!E170+CE!E171+CE!E172+CE!E173+CE!E190+CE!E191+CE!E193+CE!E194+CE!E195+CE!E196+CE!E197+CE!E199+CE!E207 -> 33960
A32: d) compensi ad organi di amministrazione e di controllo | B32: =CE!E192+CE!E198 -> 14000
A33: 8) per godimento di beni di terzi | C33: =CE!E208 -> 0
A34: 9) per il personale | C34: =SUM(B35:B39) -> 1339000
A35: a) salari e stipendi | B35: =CE!E214 -> 968000
A36: b) oneri sociali | B36: =CE!E218 -> 281000
A37: c) trattamento di fine rapporto | B37: =CE!E222 -> 0
A38: d) trattamento di quiescenza e simili
A39: e) altri costi | B39: =CE!E224+CE!E226 -> 90000
A40: 10) ammortamenti e svalutazioni | C40: =SUM(B41:B44) -> 122170.55
A41: a) ammortamento delle immobilizzazioni immateriali | B41: =CE!E229 -> 396.86
A42: b) ammortamento delle immobilizzazioni materiali | B42: =CE!E234 -> 121773.69
A43: c) altre svalutazioni delle immobilizzazioni | B43: =CE!E248 -> 0
A44: d) svalutazioni dei crediti compresi nell'attivo circolante e delle disponibilità liquide | B44: =CE!E250 -> 0
A45: 11) variazioni delle rimanenze di materie prime, sussidiarie, di consumo e merci | C45: =CE!E253 -> 0
A46: 12) accantonamento per rischi | C46: =CE!E272 -> 0
A47: 13) altri accantonamenti | C47: =CE!E276 -> 0
A48: 14) oneri diversi di gestione | C48: =SUM(B49:B50) -> 12905
A49: a) oneri per provvedimenti di contenimento della spesa pubblica
A50: b) altri oneri diversi di gestione | B50: =CE!E278+CE!E304 -> 12905
A51: Totale costi (B) | C51: =SUM(C27:C50) -> 2488035.2
A52: DIFFERENZA TRA VALORE E COSTI DELLA PRODUZIONE (A-B) | C52: =C25-C51 -> 0
A53: 15) proventi da partecipazioni, con separata indicazione di quelli relativi ad imprese controllate e collegate | C53: =SUM(B54:B55) -> 0
A54: a) proventi da partecipazioni | B54: =CE!E310 -> 0
A55: b) proventi da partecipazioni in imprese controllate-collegate | B55: =CE!E309 -> 0
A56: 16) altri proventi finanziari | C56: =SUM(B57:B60) -> 2200
A57: a) da crediti iscritti nelle immobilizzazioni, con separata indicazione di quelli da imprese controllate e collegate e di quelli da controllanti | B57: =CE!E312 -> 0
A58: b) da titoli iscritti nelle immobilizzazioni che non costituiscono partecipazioni | B58: =CE!E314 -> 0
A59: c) da titoli iscritti nell'attivo circolante che non costituiscono partecipazioni | B59: =CE!E317 -> 0
A60: d) proventi diversi dai precedenti, con separata indicazione di quelli da imprese controllate e collegate e di quelli da controllanti | B60: =CE!E320 -> 2200
A61: 17) interessi e altri oneri finanziari | C61: =SUM(B62:B64) -> 0
A62: a) interessi passivi | B62: =CE!E328+CE!E329+CE!E330+CE!E331 -> 0
A63: b) oneri per la copertura perdite di imprese controllate e collegate
A64: c) altri interessi ed oneri finanziari | B64: =CE!E332+CE!E333+CE!E334 -> 0
A65: 17bis) utili e perdite su cambi
A66: Totale proventi ed oneri finanziari (15+16-17+ -17bis) | C66: =C53+C56-C61+C65 -> 2200
A67: D) RETTIFICHE DI VALORE DI ATTIVITA' FINANZIARIE
A68: 18) rivalutazioni | C68: =SUM(B69:B71) -> 0
A69: a) di partecipazioni | B69: =CE!E337 -> 0
A70: b) di immobilizzazioni finanziarie che non costituiscono partecipazioni | B70: =CE!E338 -> 0
A71: c) di titoli iscitti nell'attivo circolante che non costituiscono partecipazioni | B71: =CE!E339 -> 0
A72: 19) svalutazioni | C72: =SUM(B73:B75) -> 0
A73: a) di partecipazioni | B73: =CE!E341 -> 0
A74: b) di immobilizzazioni finanziarie che non costituiscono partecipazioni | B74: =CE!E342 -> 0
A75: c) di titoli iscitti nell'attivo circolante che non costituiscono partecipazioni | B75: =CE!E343 -> 0
A76: Totale delle rettifiche di valore (18-19) | C76: =C68-C72 -> 0
A77: E) PROVENTI ED ONERI STRAORDINARI
A78: 20) Proventi, con separata indicazione delle plusvalenze da alienazioni i cui ricavi non sono iscrivibili al n. 5) | C78: =SUM(B79:B80) -> 0
A79: a) proventi straordinari | B79: =CE!E346+CE!E347+CE!E348+CE!E349+CE!E351 -> 0
A80: b) plusvalenze straordinarie | B80: =CE!E350 -> 0
A81: 21) Oneri, con separata indicazioni delle minusvalenze da alienazioni i cui effetti contabili non sono iscrivibili al n. 14) e delle imposte relative ad esercizi precedenti | C81: =SUM(B82:B84) -> 0
A82: a) oneri straordinari | B82: =CE!E354+CE!E356 -> 0
A83: b) minusvalenze straordinarie | B83: =CE!E355 -> 0
A84: c) imposte esercizi precedenti | B84: =CE!E353 -> 0
A85: Totale delle partite straordinarie (20-21) | C85: =C78-C81 -> 0
A86: Risultato prima delle imposte | C86: =C52+C66+C76+C85 -> 2200
A87: Imposte dell'esercizio, correnti, differite e anticipate | C87: =CE!E359 -> 2200
A88: AVANZO (DISAVANZO) ECONOMICO DELL'ESERCIZIO | C88: =C86-C87 -> 0
A89: Ammortamenti sterilizzati art.21 Dgr 780/2013 | C89: =CE!E368 -> 0
A90: Pareggio di bilancio | C90: =CE!E369 -> 0
